Map: Thunderbird LE

Players

PengWin

  • Race: Zerg Zerg
  • Spawn Location: 11:00

Zanster - Winner!

  • Race: Zerg Zerg
  • Spawn Location: 5:00

Event: 2019 WCS Summer

VOD

Have the link to the VOD?

Description

Time

  • Played on: July 12, 2019, 6:19 a.m.
  • Length: 3:06

All games in this series

Show
View Real Time Build Order
Export as new Build Order

PengWin Zerg 

Build Orders: Pool Only 

Get SALT Encoding   

  12  0:18  Spawning Pool  
  11  0:21  Drone  
  11  0:26  Drone  
  13  0:30  Drone  
  14  0:39  Overlord  
  14  1:05  Zergling x6  
  17  1:20  Zergling x2  
  18  1:27  Zergling x2  
  19  1:41  Zergling x2  
  20  1:48  Zergling x2  
  21  2:01  Zergling x2  
  22  2:04  Spine Crawler  
  22  2:06  Spine Crawler  
  20  2:15  Spine Crawler  
Show
View Real Time Build Order
Export as new Build Order

Zanster Zerg - Winner!

Build Orders: Hatch First 

Get SALT Encoding   

  12  0:00  Drone  
  13  0:13  Overlord  
  13  0:17  Drone  
  14  0:31  Drone x2  
  16  0:48  Hatchery  
  15  0:50  Drone  
  15  0:54  Drone  
  17  0:57  Drone  
  18  1:08  Extractor  
  17  1:13  Spawning Pool  
  17  1:15  Drone  
  17  1:18  Drone  
  18  1:29  Drone  
  19  2:00  Queen  
  21  2:01  Zergling x6, Spine Crawler  
  21  2:02  Spine Crawler  
  21  2:03  Spine Crawler  
  21  2:04  Zergling x2  
  22  2:18  Zergling x2  
  22  2:19  Zergling x2  
  24  2:29  Zergling x4  
  25  2:47  Zergling x4  
Tags
 
Add a new tag
Caveats
  • Supply blocks, unpowered buildings, or Contaminate may cause inaccurate times.
  • Supply counts are checked every 10 seconds.